 Dungeon Crawl Stone Soup version 0.14-a0-1721-g84c87b2 (webtiles) character file.

157 bNe the Covered (level 4, -1/36 HPs)
             Began as a Human Fighter on Jan 2, 2014.
             Slain by Crazy Yiuf
             ... wielding a +4,+4 quarterstaff of chaos
              (3 damage)
             ... on Level 2 of the Dungeon.
             The game lasted 00:27:22 (2360 turns).

bNe the Covered (Human Fighter)                     Turns: 2360, Time: 00:27:27

HP  -1/36        AC  8     Str 17      XL: 4   Next: 62%
MP   4/4         EV  6     Int  9      God:
Gold 78          SH 19     Dex 16      Spells:  0 memorised,  3 levels left

rFire  . . .     SeeInvis .     y - -2,-1 short sword
rCold  . . .     Clarity  .     b - +1 scale mail
rNeg   . . .     Conserve .     c - +0 shield
rPois  .         rCorr    +     (no helmet)
rElec  .         rRot     .     (no cloak)
SustAb . .       Spirit   .     (no gloves)
rMut   .         Warding  .     (no boots)
Saprov . . .     Stasis   .     A - amulet of resist corrosion {unknown}
                                (no ring)
                                (no ring)

@: invisible, mildly poisoned, very slightly contaminated, slightly resistant to
hostile enchantments, extremely unstealthy
A: agile 2, blurry vision 1, evolution 1
a: no special abilities


You were on level 2 of the Dungeon.
You were hungry.

You visited 1 branch of the dungeon, and saw 2 of its levels.

You collected 78 gold pieces.

Inventory:

Hand weapons
 a - a +0,+0 short sword
 e - a +2,+0 elven short sword
 p - a +0,+0 dagger
 q - a +0,+0 sling
 y - a -2,-1 short sword (weapon)
Missiles
 d - 31 darts
 f - 14 steel darts
 j - 20 bolts
 k - 11 arrows
 n - 25 sling bullets
 r - a poisoned dart
 t - 3 javelins of penetration (quivered)
 v - 15 poisoned needles
Armour
 b - a +1 scale mail (worn)
 c - a +0 shield (worn)
 o - a +0 cap
 z - a +0 pair of dwarven gloves
Comestibles
 g - a meat ration
 m - a bread ration
Scrolls
 l - 3 scrolls of identify
 s - a scroll of magic mapping
 u - a scroll of recharging
 w - 2 scrolls of teleportation
Jewellery
 A - an amulet of resist corrosion (around neck) {unknown}
Potions
 h - 2 potions of brilliance
 i - a potion of speed {unknown}
 x - a potion of flight {unknown}


   Skills:
 * Level 3.6 Fighting
 * Level 2.8 Short Blades
 + Level 3.7 Armour
 + Level 3.4 Shields


You had 3 spell levels left.
You didn't know any spells.

Dungeon Overview and Level Annotations

Branches:
Dungeon (2/16)

Altars:
Nemelex Xobeh

Annotations:
D:2 Crazy Yiuf


Innate Abilities, Weirdness & Mutations

You are very agile. (Dex +4)
Your vision is a little blurry.
You evolve.


Message History

You are too injured to fight recklessly!
You are too injured to fight recklessly!
You are too injured to fight recklessly!
You are too injured to fight recklessly!
You are too injured to fight recklessly!
You are too injured to fight recklessly!
You are too injured to fight recklessly!
You are too injured to fight recklessly!
You are too injured to fight recklessly!
You hit Crazy Yiuf.
Crazy Yiuf is severely wounded.
You block Crazy Yiuf's attack.
Your shield prevents you from hitting Crazy Yiuf.
Crazy Yiuf is severely wounded.
* * * LOW HITPOINT WARNING * * *
You feel sick.
Crazy Yiuf hits you with a quarterstaff of chaos.
* * * LOW HITPOINT WARNING * * *
Crazy Yiuf burns you.
You die...

################ ###
###.#...'.........
#...##@.#..)...####....
#....g####..)....>.....
#)..### ##..'..###....
### ####..# #.... ####
#.... ....... ###
###.... #.# #.... #.#
#....


You could see Crazy Yiuf.

Vanquished Creatures
  2 adders (D:2)
  A giant mite (D:1)
  A giant gecko (D:1)
  5 bats
  A giant cockroach (D:2)
  13 hobgoblins
  4 jackals (D:1)
  4 giant newts
  7 goblins
  6 kobolds
  8 rats
52 creatures vanquished.

Notes
Turn   | Place    | Note
--------------------------------------------------------------
     0 | D:1      | bNe, the Human Fighter, began the quest for the Orb.
     0 | D:1      | Reached XP level 1. HP: 18/18 MP: 1/1
   166 | D:1      | Reached XP level 2. HP: 5/24 MP: 2/2
   421 | D:1      | Gained mutation: You are agile. (Dex +2) [potion of mutation]
   421 | D:1      | Gained mutation: You evolve. [potion of mutation]
   785 | D:1      | Gained mutation: You are very agile. (Dex +4) [potion of mutation]
   785 | D:1      | Gained mutation: Your vision is a little blurry. [potion of mutation]
   907 | D:1      | Reached XP level 3. HP: 27/29 MP: 3/3
  1398 | D:1      | Found a sparkling altar of Nemelex Xobeh.
  1577 | D:2      | Reached XP level 4. HP: 26/35 MP: 4/4
  2340 | D:2      | Noticed Crazy Yiuf
  2360 | D:2      | Slain by Crazy Yiuf

Action                   |  1- 3 |  4- 6 || total
-------------------------+-------+-------++-------
Melee: Short sword       |   104 |   108 ||   212
       Dagger            |    38 |       ||    38
Throw: Dart              |     4 |       ||     4
  Use: Potion            |     3 |       ||     3
       Scroll            |     7 |     4 ||    11
 Stab: Invisible         |       |     1 ||     1
